 Dungeon Crawl Stone Soup version 0.27-a0-1308-gc08437e49b (webtiles) character file.

Game seed: 6829526609270708338

108 flotson the Sneak (level 4, -1/36 HPs)
             Began as a Demonspawn Delver on June 18, 2021.
             Succumbed to a kobold brigand's poison
             ... in a sewer.
             The game lasted 00:04:21 (1039 turns).

flotson the Sneak (Demonspawn Delver)               Turns: 1039, Time: 00:04:21

Health: -1/36      AC:  6    Str: 13    XL:     4   Next: 58%
Magic:  3/3        EV:  9    Int:  9    God:
Gold:   11         SH:  0    Dex: 15    Spells: 3/3 levels left

rFire    . . .     SeeInvis .   a - +0 hand axe
rCold    . . .     Faith    .   (no shield)
rNeg     . . .     Spirit   .   k - +0 scale mail
rPois    .         Reflect  .   (no helmet)
rElec    .         Harm     .   (no cloak)
rCorr    .         Rampage  .   (no gloves)
Will     .....                  (no boots)
Stlth    +.........             (no amulet)
HPRegen  0.12/turn              (no ring)
MPRegen  0.08/turn              (no ring)

@: lethally poisoned (-1 -> -9), very slightly contaminated, invisible
A: claws 1, talons 1, dopey 1, low mp 1, MP-powered wands
a: no special abilities


You were in a sewer.
You visited 1 branch of the dungeon, and saw 3 of its levels.
You also visited: Sewer.

You collected 11 gold pieces.

Inventory:

Hand Weapons
 a - a +0 hand axe (weapon)
Missiles
 f - 11 poisoned darts (quivered)
Armour
 k - a +0 scale mail (worn)
Wands
 b - a wand of flame (13)
 g - a wand of digging (2)
Scrolls
 c - a scroll of fog
 e - a scroll of fear
 l - a scroll of noise {unknown}
Potions
 i - a potion of haste
 m - a potion of berserk rage {unknown}


   Skills:
 + Level 3.6 Fighting
 + Level 2.5 Axes
 + Level 0.8 Throwing
 + Level 1.5 Armour
 + Level 2.4 Dodging
 - Level 4.5 Stealth
 + Level 0.9 Evocations


You had 3 spell levels left.
You didn't know any spells.
Your spell library was empty.

Dungeon Overview and Level Annotations

Branches:
Dungeon (5/15)              Sewer (1/1)
 Temple: D:4-7

Altars:


Innate Abilities, Weirdness & Mutations

You have sharp fingernails.
You have sharp toenails.
You are dopey. (Int -2)
Your magical capacity is low. (-10% MP)
You expend magic power (3 MP) to strengthen your wands.


Message History

The kobold brigand is severely wounded.
You hear a splash.
You feel sick.
You feel sick.
You feel sick.
You feel sick.
You are no longer poisoned.
The kobold brigand throws a poisoned dart.
The poisoned dart hits you!
You are poisoned.
The kobold brigand throws a poisoned dart.
The poisoned dart hits you!
You are lethally poisoned!
You feel very sick.
* * * LOW HITPOINT WARNING * * *
You feel very sick.
Things that are here:
a +0 club; 5 stones
* * * LOW HITPOINT WARNING * * *
You feel very sick.
* * * LOW HITPOINT WARNING * * *
You feel sick.
Things that are here:
a +0 whip; a kobold corpse
* * * LOW HITPOINT WARNING * * *
You feel sick.
The kobold brigand throws a poisoned dart.
The poisoned dart barely misses you.
It was a potion of invisibility.
You fade into invisibility!
* * * LOW HITPOINT WARNING * * *
You feel sick.
The kobold brigand throws a poisoned dart.
The poisoned dart hits you!
You are more poisoned.
You are very lightly contaminated with residual magic.
It was a potion of mutation.
You feel extremely strange.
You feel stupid.
Your toenails lengthen and sharpen.
You feel less energetic.
You feel your magical essence link to the dungeon's wands.
You die...

#∩#
#.#
#÷#
#.#
#÷#
#.#
#†#
#.#
#@#
#)#
#≈#
#)#
#≈#
#≈#
#K#
#≈#
#≈#


You could see a kobold brigand (poisoned).

Vanquished Creatures
  A bullfrog skeleton (D:5)
  Terence (D:3)
  4 adders (D:3)
  3 giant cockroaches (D:3)
  A hobgoblin (D:4)
  4 jackals
  2 ball pythons
  A goblin (D:3)
  3 kobolds (Sewer)
  5 rats (Sewer)
25 creatures vanquished.

Vanquished Creatures (others)
  2 plants (D:3)
2 creatures vanquished.

Grand Total: 27 creatures vanquished

Notes
Turn   | Place    | Note
-------+----------+-------------------------------------------
     0 | D:5      | flotson the Demonspawn Delver began the quest for the Orb.
     0 | D:5      | Reached XP level 1. HP: 18/18 MP: 1/1
    14 | D:5      | Noticed a necrophage
    65 | D:5      | Reached skill level 1 in Armour
    65 | D:5      | Gained mutation: You have sharp fingernails. [demonic
                  | ancestry]
    65 | D:5      | Reached XP level 2. HP: 3/24 MP: 2/2
    94 | D:4      | Reached XP level 3. HP: 6/29 MP: 3/3
   421 | D:3      | Noticed Terence
   453 | D:3      | Killed Terence
   499 | D:3      | You fall into a shaft and drop 1 floor!
   539 | D:3      | Reached XP level 4. HP: 16/35 MP: 4/4
   555 | D:3      | Found a glowing drain.
   754 | Sewer    | Entered a sewer
   897 | Sewer    | Noticed a kobold brigand
  1038 | Sewer    | HP: 1/36 [poisoned by a kobold brigand]
  1039 | Sewer    | Gained mutation: You are dopey. (Int -2) [potion of
                  | mutation]
  1039 | Sewer    | Gained mutation: You have sharp toenails. [potion of
                  | mutation]
  1039 | Sewer    | Gained mutation: Your magical capacity is low. (-10% MP)
                  | [potion of mutation]
  1039 | Sewer    | Gained mutation: You expend magic power (3 MP) to
                  | strengthen your wands. [potion of mutation]
  1039 | Sewer    | Succumbed to a kobold brigand's poison

Illustrated notes

Levels and vault maps discovered:
D:3:      layout_loops_corners, kiku_gazebo_garden_becter,
          gup_sewer_entry_glass, minmay_stone_trees_small, chequers_big_river,
          minmay_misc_feat_plants, uniq_terence
D:4:      layout_rooms, nicolae_overflow_hidden_temple, serial_shops, shop,
          uniq_duvessa
D:5:      layout_basic, minmay_temple_entry_nine_rooms, serial_bayou_pond_b,
          minivault_14, uniq_menkaure, uniq_eustachio, uniq_sigmund
Sewer:    sewer_kobolds

Skill      XL: |  1 |
---------------+----+-----
Axes           | 2 |  2.5
Armour         | 1 |  1.5
Dodging        | 2 |  2.4
Fighting       | |  3.6
Throwing       | |  0.8
Stealth        | |  4.5
Evocations     | |  0.9

Action                   |  1- 3 |  4- 6 || total
-------------------------+-------+-------++-------
Melee: Hand axe          |    32 |    49 ||    81
Throw: Dart              |     5 |     8 ||    13
Evoke: Wand              |     4 |     8 ||    12
  Use: Potion            |     1 |     2 ||     3
       Scroll            |     1 |       ||     1
 Stab: Sleeping          |     1 |       ||     1
Armor: Leather armour    |     4 |       ||     4
       Scale mail        |     8 |    32 ||    40
Dodge: Dodged            |    26 |    39 ||    65

Table legend: (Time is in decaauts)
 A = Elapsed time spent in this place.
 B = Non-inter-level travel time spent in this place.
 C = Inter-level travel time spent in this place.
 D = Time resting spent in this place.
 E = Time spent auto-exploring this place.
 F = Levels seen in this place.
 G = Mean time per level.
                   A        B        C        D        E       F      G
               +--------+--------+--------+--------+--------+-----+--------+
         Total |   1107 |   1094 |     13 |    324 |    329 |   4 |  276.8 |
       Dungeon |    751 |    738 |     13 |    324 |    126 |   3 |  250.3 |
         Sewer |    356 |    356 |      0 |      0 |    203 |   1 |  356.0 |
               +--------+--------+--------+--------+--------+-----+--------+

Top non-repeatable levels by time:
   Sewer: 356 daAuts
     D:3: 350 daAuts
     D:4: 334 daAuts
     D:5: 66 daAuts
